 Dungeon Crawl Stone Soup version 0.31-a0-358-gac0dbeb3ab (webtiles) character file.

Game seed: 2332795517585539114

881 AIAndy the Magician (level 8, -1/50 HPs)
             Began as a Djinni Fire Elementalist on July 26, 2023.
             Was an Initiate of Makhleb.
             Killed from afar by a steam dragon (6 damage)
             ... with a ball of steam
             ... on level 6 of the Dungeon.
             The game lasted 00:09:51 (4151 turns).

AIAndy the Magician (Djinni Fire Elementalist)      Turns: 4151, Time: 00:09:52

Health: -1/50      AC:  3    Str:  7    XL:     8   Next: 25%
Gold:   280        EV: 27    Int: 20    God:    Makhleb [......] SH:  0 Dex: 13

rFire   + + .        (no weapon)
rCold   x . .        (no shield)
rNeg    . . .        a - +0 robe
rPois   ∞            (no helmet)
rElec   .            (no cloak)
rCorr   .            d - +0 pair of gloves
SInv    .            (boots unavailable)
Will    .....        r - amulet of the acrobat
Stlth   ++           (no ring)
HPRegen 0.28/turn    (no ring)
MPRegen 0.00/turn

%: acrobat, infuse magic (-2 HP)
@: about to teleport, acrobatic, flying
A: sickness immunity, fire resistance 2, cold vulnerability 1, float, innate
caster, HP casting, extra vitality 1
a: Renounce Religion


You were on level 6 of the Dungeon.
You worshipped Makhleb.
Makhleb was noncommittal.
You visited 2 branches of the dungeon, and saw 7 of its levels.

You collected 280 gold pieces.


Innate Abilities, Weirdness & Mutations

You are immune to sickness and miasma.
You are immune to poison.
Your flesh is very heat resistant. (rF++)
You are vulnerable to cold. (rC-)
You float through the air rather than walking.
You learn spells naturally, not from books.
Your magical power is your life essence.
You have superior vitality. (+4 MHP)


   Skills:
 - Level 2.1 Dodging
 - Level 1.5 Stealth
 + Level 7.2 Spellcasting
 + Level 7.2 Conjurations
 + Level 7.2 Hexes
 + Level 7.2 Summonings
 + Level 7.2 Necromancy
 + Level 7.2 Translocations
 + Level 7.2 Transmutations
 + Level 7.2 Fire Magic
 + Level 7.2 Ice Magic
 + Level 7.2 Air Magic
 + Level 7.2 Earth Magic
 + Level 7.2 Poison Magic


You knew the following spells:

 Your Spells              Type           Power      Damage    Failure   Level
a - Flame Wave            Conj/Fire      36%        2d10      4%          4
b - Wereblood             Tmut           36%        N/A       1%          2
c - Hailstorm             Conj/Ice       36%        3d9       1%          3
f - Inner Flame           Hex/Fire       36%        N/A       1%          3
z - Magic Dart            Conj           100%       1d8       1%          1
X - Foxfire               Conj/Fire      100%       2x1d9     1%          1
Y - Scorch                Fire           72%        2d8       1%          2
Z - Volatile Blastmotes   Fire/Tloc      72%        2d16      1%          3
Your spell library was empty.

Inventory:

Armour
 a - a +0 robe (worn)
 d - a +0 pair of gloves (worn)
Jewellery
 r - an amulet of the acrobat (around neck)
Wands
 t - a wand of iceblast (6)
 u - a wand of mindburst (7)
 v - a wand of polymorph (22)
Scrolls
 f - 4 scrolls of identify {unknown}
 h - a scroll of amnesia {unknown}
 j - 3 scrolls of teleportation {@r4}
 k - a scroll of summoning {unknown}
 m - a scroll of enchant weapon {unknown}
 n - a scroll of enchant armour {unknown}
 p - a scroll of vulnerability {unknown}
 q - a scroll of fear {unknown}
Potions
 b - 2 potions of brilliance {unknown}
 c - 2 potions of heal wounds {unknown}
 e - 3 potions of curing {unknown}
 g - 2 potions of degeneration {unknown}
 i - a potion of attraction {unknown}
 l - 2 potions of mutation {unknown}
 o - 2 potions of might {unknown}
 s - 2 potions of enlightenment {unknown}

Dungeon Overview and Level Annotations

Branches:
Dungeon (6/15)             Temple (1/1) D:4

Altars:
Ashenzari
Cheibriados
Dithmenos
Elyvilon
Fedhas
Gozag
Hepliaklqana
Makhleb
Nemelex Xobeh
Okawaru
Qazlal
Ru
Trog
Uskayaw
Wu Jian
Xom
Yredelemnul
Zin
The Shining One

Annotations:
D:5 3 runed translucent doors, AdnanSaban's ghost, amateur GrFi; Beaer's ghost, novice DsFi; EC1's ghost, novice HuFi; MrShunz's ghost, novice MiBe; blacky4's ghost, novice SpEn
D:6 Maggie

############
@....l...?#
#...(....#
#........# .
#........#
...)##...D....#
#....@§.....#
.....#........#
#### ##..######
#... .....
#......
#...[$.#
....>..#


You could see a steam dragon (catching breath) and an iguana (wandering).


Message History

* * * LOW HITPOINT WARNING * * *
The foxfire hits the two-headed ogre.
The two-headed ogre is lightly wounded.
The foxfire hits the two-headed ogre!
The two-headed ogre is lightly wounded.
As you read the scroll labelled ECRISH CU QOA, it crumbles to dust.
You feel strangely unstable.
It was a scroll of teleportation.
The foxfire hits the two-headed ogre.
The two-headed ogre is moderately wounded.
The foxfire hits the two-headed ogre.
The two-headed ogre is moderately wounded.
The two-headed ogre attacks as you move away!
The two-headed ogre hits you with a +0 giant club!
* * * LOW HITPOINT WARNING * * *
The two-headed ogre hits you with a +0 dire flail!
* * * LOW HITPOINT WARNING * * *
Your surroundings suddenly seem different.
Maggie, an iguana and a steam dragon come into view.
Maggie is wielding a +2 long sword of flaming.
Found 6 stones and a scroll labelled VAKODA KADUEPT.
Okay, then.
Okay, then.
As you read the scroll of teleportation {@r4}, it crumbles to dust.
You feel strangely unstable.
Found a glowing ring mail and 10 gold pieces.
The steam dragon completely misses you. x2
Found an ichor-stained whip.
Found a stone staircase leading down.
The steam dragon breathes steam at you. The ball of steam hits you. You resist.
You die...

Skill      XL: |  1  2  3  4  5  6  7 |
---------------+----------------------+-----
Spellcasting   | 4 5 7 |  7.2
Conjurations   | 4 5 7 |  7.2
Hexes          | 4 5 7 |  7.2
Summonings     | 4 5 7 |  7.2
Necromancy     | 4 5 7 |  7.2
Translocations | 4 5 7 |  7.2
Transmutations | 4 5 7 |  7.2
Fire Magic     | 4 5 7 |  7.2
Ice Magic      | 4 5 7 |  7.2
Air Magic      | 4 5 7 |  7.2
Earth Magic    | 4 5 7 |  7.2
Poison Magic   | 4 5 7 |  7.2
Dodging        | |  2.1
Stealth        | |  1.5

Action                     |  1- 3 |  4- 6 |  7- 9 || total
---------------------------+-------+-------+-------++-------
   Cast: Foxfire           |    52 |   109 |    17 ||   178
         Scorch            |    13 |    22 |    11 ||    46
         Flame Wave        |       |       |     2 ||     2
    Use: Scroll            |       |       |     2 ||     2
 Armour: Robe              |    10 |       |       ||    10
  Dodge: Dodged            |    16 |     7 |     6 ||    29

Levels and vault maps discovered:
D:1:      erik_arrival_orb_chamber, layout_rooms
D:2:      layout_loops_ring, basic_ecumenical_altar, uniq_jessica
D:3:      layout_rooms, mainiacjoe_overflow_catwalk_spiral,
          yredelemnul_forgotten_temple_becter
D:4:      layout_layer_cave, minmay_temple_entry_statues_pillars
D:5:      layout_basic, gammafunk_ghost_cemetery, uniq_menkaure
D:6:      layout_basic, uniq_duvessa, uniq_maggie
Temple:   nicolae_temple_bog_church

Notes
Turn   | Place    | Note
-------+----------+-------------------------------------------
     0 | D:1      | Reached skill level 3 in Spellcasting
     0 | D:1      | Reached skill level 3 in Conjurations
     0 | D:1      | Reached skill level 3 in Hexes
     0 | D:1      | Reached skill level 3 in Summonings
     0 | D:1      | Reached skill level 3 in Necromancy
     0 | D:1      | Reached skill level 3 in Translocations
     0 | D:1      | Reached skill level 3 in Transmutations
     0 | D:1      | Reached skill level 3 in Fire Magic
     0 | D:1      | Reached skill level 3 in Ice Magic
     0 | D:1      | Reached skill level 3 in Air Magic
     0 | D:1      | Reached skill level 3 in Earth Magic
     0 | D:1      | Reached skill level 3 in Poison Magic
     0 | D:1      | AIAndy the Djinni Fire Elementalist began the quest for the
                  | Orb.
     0 | D:1      | AIAndy set off with the following spells memorised:
                  | Foxfire, Scorch, Volatile Blastmotes, Inner Flame, Flame
                  | Wave.
     0 | D:1      | Reached XP level 1. HP: 15/15 MP: 0/0
   147 | D:1      | Reached XP level 2. HP: 18/21 MP: 0/0
   314 | D:1      | Reached XP level 3. HP: 14/25 MP: 0/0
   314 | D:1      | Learned a level 1 spell: Magic Dart
   577 | D:2      | Reached skill level 4 in Spellcasting
   577 | D:2      | Reached skill level 4 in Conjurations
   577 | D:2      | Reached skill level 4 in Hexes
   577 | D:2      | Reached skill level 4 in Summonings
   577 | D:2      | Reached skill level 4 in Necromancy
   577 | D:2      | Reached skill level 4 in Translocations
   577 | D:2      | Reached skill level 4 in Transmutations
   577 | D:2      | Reached skill level 4 in Fire Magic
   577 | D:2      | Reached skill level 4 in Ice Magic
   577 | D:2      | Reached skill level 4 in Air Magic
   577 | D:2      | Reached skill level 4 in Earth Magic
   577 | D:2      | Reached skill level 4 in Poison Magic
   577 | D:2      | Reached XP level 4. HP: 4/31 MP: 0/0
   706 | D:2      | Noticed Jessica
   709 | D:2      | Killed Jessica
   787 | D:2      | Found a faded altar of an unknown god.
  1502 | D:3      | Reached XP level 5. HP: 20/35 MP: 0/0
  1502 | D:3      | Learned a level 2 spell: Wereblood
  1644 | D:3      | Found a glowing silver altar of Zin.
  1967 | D:3      | Found a basalt altar of Yredelemnul.
  2109 | D:4      | Reached skill level 5 in Spellcasting
  2109 | D:4      | Reached skill level 5 in Conjurations
  2109 | D:4      | Reached skill level 5 in Hexes
  2109 | D:4      | Reached skill level 5 in Summonings
  2109 | D:4      | Reached skill level 5 in Necromancy
  2109 | D:4      | Reached skill level 5 in Translocations
  2109 | D:4      | Reached skill level 5 in Transmutations
  2109 | D:4      | Reached skill level 5 in Fire Magic
  2109 | D:4      | Reached skill level 5 in Ice Magic
  2109 | D:4      | Reached skill level 5 in Air Magic
  2109 | D:4      | Reached skill level 5 in Earth Magic
  2109 | D:4      | Reached skill level 5 in Poison Magic
  2212 | D:4      | Reached XP level 6. HP: 28/40 MP: 0/0
  2698 | D:4      | Noticed a black bear
  2701 | D:4      | Killed a black bear
  2795 | D:4      | Reached XP level 7. HP: 39/45 MP: 0/0
  2795 | D:4      | Learned a level 3 spell: Hailstorm
  2822 | D:4      | Found a staircase to the Ecumenical Temple.
  2932 | Temple   | Entered the Ecumenical Temple
  2950 | Temple   | Became a worshipper of Makhleb the Destroyer
  3297 | D:5      | Entered Level 5 of the Dungeon
  3437 | D:5      | Found a runed translucent gate.
  3437 | D:5      | Found a runed translucent gate.
  3437 | D:5      | Found a runed translucent gate.
  3439 | D:5      | Noticed MrShunz's ghost (novice MiBe)
  3439 | D:5      | Noticed AdnanSaban's ghost (amateur GrFi)
  3441 | D:5      | Noticed EC1's ghost (novice HuFi)
  3441 | D:5      | Noticed blacky4's ghost (novice SpEn)
  3520 | D:5      | Reached skill level 6 in Spellcasting
  3520 | D:5      | Reached skill level 6 in Conjurations
  3520 | D:5      | Reached skill level 6 in Hexes
  3520 | D:5      | Reached skill level 6 in Summonings
  3520 | D:5      | Reached skill level 6 in Necromancy
  3520 | D:5      | Reached skill level 6 in Translocations
  3520 | D:5      | Reached skill level 6 in Transmutations
  3520 | D:5      | Reached skill level 6 in Fire Magic
  3520 | D:5      | Reached skill level 6 in Ice Magic
  3520 | D:5      | Reached skill level 6 in Air Magic
  3520 | D:5      | Reached skill level 6 in Earth Magic
  3520 | D:5      | Reached skill level 6 in Poison Magic
  3556 | D:5      | Noticed Menkaure
  3560 | D:5      | Killed Menkaure
  4019 | D:5      | Noticed Beaer's ghost (novice DsFi)
  4068 | D:6      | Noticed Dowan
  4070 | D:6      | Noticed Duvessa
  4079 | D:6      | Killed Duvessa
  4079 | D:6      | Killed Dowan
  4080 | D:6      | Reached skill level 7 in Spellcasting
  4080 | D:6      | Reached skill level 7 in Conjurations
  4080 | D:6      | Reached skill level 7 in Hexes
  4080 | D:6      | Reached skill level 7 in Summonings
  4080 | D:6      | Reached skill level 7 in Necromancy
  4080 | D:6      | Reached skill level 7 in Translocations
  4080 | D:6      | Reached skill level 7 in Transmutations
  4080 | D:6      | Reached skill level 7 in Fire Magic
  4080 | D:6      | Reached skill level 7 in Ice Magic
  4080 | D:6      | Reached skill level 7 in Air Magic
  4080 | D:6      | Reached skill level 7 in Earth Magic
  4080 | D:6      | Reached skill level 7 in Poison Magic
  4080 | D:6      | Reached XP level 8. HP: 15/50 MP: 0/0
  4135 | D:6      | Noticed a two-headed ogre
  4146 | D:6      | HP: 3/50 [two-headed ogre/+0 giant club (7)]
  4148 | D:6      | Noticed Maggie
  4151 | D:6      | Killed from afar by a steam dragon

Vanquished Creatures
  Menkaure (D:5)
  Duvessa (D:6)
  2 black bears
  A phantom (D:6)
  A scorpion (D:4)
  Dowan (D:6)
  2 hounds
  Jessica (D:2)
  An iguana (D:4)
  4 gnolls (D:3)
  6 adders
  An ufetubus (D:5)
  A worm (D:2)
  2 dart slugs
  4 orcs
  7 endoplasms
  6 giant cockroaches
  5 goblins
  7 hobgoblins
  4 jackals (D:1)
  3 quokkas (D:1)
  6 ball pythons
  4 bats
  4 frilled lizards
  5 kobolds
  4 rats
  A spectral orc (D:3)
85 creatures vanquished.

Vanquished Creatures (others)
  305 foxfires
305 creatures vanquished.

Grand Total: 390 creatures vanquished

Table legend: (Time is in decaauts)
 A = Elapsed time spent in this place.
 B = Non-inter-level travel time spent in this place.
 C = Inter-level travel time spent in this place.
 D = Time resting spent in this place.
 E = Time spent auto-exploring this place.
 F = Levels seen in this place.
 G = Mean time per level.
                   A        B        C        D        E       F      G
               +--------+--------+--------+--------+--------+-----+--------+
         Total |   4150 |   3989 |    161 |      0 |   3409 |   7 |  592.9 |
       Dungeon |   4113 |   3986 |    127 |      0 |   3409 |   6 |  685.5 |
        Temple |     36 |      2 |     34 |      0 |      0 |   1 |   36.0 |
               +--------+--------+--------+--------+--------+-----+--------+

Top non-repeatable levels by time:
     D:4: 1168 daAuts
     D:2: 835 daAuts
     D:5: 735 daAuts
     D:3: 712 daAuts
     D:1: 543 daAuts
     D:6: 117 daAuts
  Temple: 36 daAuts

Table legend:
 A = Non-vault XP
 B = Vault XP
 C = Vault XP percentage of total XP
 D = Non-vault monster count
 E = Vault monster count
 F = Vault count percentage of total count
                 A         B        C        D         E       F
            +---------+---------+-------+---------+---------+-------
      Total |     823 |     436 |  34.6 |      80 |       5 |   5.9
            +---------+---------+-------+---------+---------+-------
        D:1 |      46 |       0 |   0.0 |      27 |       0 |   0.0
        D:2 |      48 |      37 |  43.5 |      13 |       1 |   7.1
        D:3 |      89 |       1 |   1.1 |      15 |       1 |   6.2
        D:4 |     351 |       0 |   0.0 |      20 |       0 |   0.0
        D:5 |     146 |     172 |  54.1 |       3 |       1 |  25.0
        D:6 |     143 |     226 |  61.2 |       2 |       2 |  50.0
            +---------+---------+-------+---------+---------+-------
